 Dungeon Crawl Stone Soup version 0.29-a0-284-gf9362112df (webtiles) character file.

Game seed: 2430196648032959320

129 Cancer the Digger (level 5, 0/28 HPs)
             Began as a Gargoyle Earth Elementalist on Mar 26, 2022.
             Slain by a wight
             ... wielding a +5 short sword of freezing
              (6 damage)
             ... on level 4 of the Dungeon.
             The game lasted 00:07:47 (4610 turns).

Cancer the Digger (Gargoyle Earth Elementalist)     Turns: 4610, Time: 00:07:47

Health: 0/28       AC:  9    Str: 18    XL:     5   Next: 12%
Magic:  17/18      EV: 11    Int: 17    God:
Gold:   157        SH:  0    Dex: 10    Spells: 4/10 levels left

rFire   . . .      SeeInvis .   l - +0 quarterstaff
rCold   . . .      Faith    .   (shield currently unavailable)
rNeg    + . .      Spirit   .   b - +0 robe
rPois   ∞          Reflect  .   (no helmet)
rElec   +          Harm     .   n - +1 cloak
rCorr   .          Rampage  .   q - +0 pair of gloves
Will    .....                   (no boots)
Stlth   ++........              (no amulet)
HPRegen 0.09/turn               h - ring of magical power
MPRegen 0.16/turn               w - +6 ring of strength

@: no status effects
A: sickness immunity, AC +4, negative energy resistance 1, electricity
resistance, torment resistance 1, petrification resistance
a: no special abilities


You were on level 4 of the Dungeon.
You visited 1 branch of the dungeon, and saw 4 of its levels.

You collected 157 gold pieces.

Inventory:

Hand Weapons
 l - a +0 quarterstaff (weapon)
Missiles
 a - 55 stones
Armour
 b - a +0 robe (worn)
 k - an orb of energy
 n - a +1 cloak (worn)
 q - a +0 pair of gloves (worn)
 s - a +0 kite shield
 v - a +0 ring mail of positive energy
Magical Staves
 p - a staff of earth
Jewellery
 f - a ring of resist corrosion
 h - a ring of magical power (left hand)
 w - a +6 ring of strength (right hand)
Scrolls
 d - 5 scrolls of identify {unknown}
 e - 3 scrolls of magic mapping {unknown}
 g - a scroll of fog {unknown}
 m - 2 scrolls of brand weapon {unknown}
 o - 2 scrolls of blinking {unknown}
 t - a scroll of amnesia {unknown}
Potions
 c - 4 potions of magic
 i - a potion of might {unknown}
 j - a potion of haste {unknown}
 r - a potion of mutation {unknown}
 u - a potion of curing {unknown}


   Skills:
 - Level 1.5 Dodging
 - Level 2.1 Stealth
 + Level 3.1 Spellcasting
 + Level 2.7 Conjurations
 - Level 0.7 Transmutations
 + Level 4.9 Earth Magic


You had 4 spell levels left.
You knew the following spells:

 Your Spells              Type           Power      Damage    Failure   Level
a - Sandblast             Erth           38%        2d10      2%          1
b - Stone Arrow           Conj/Erth      30%        3d8       11%         3
c - Passwall              Tmut/Erth      10%        N/A       9%          2

Your spell library contained the following spells:

 Spells                   Type           Power      Damage    Failure   Level
 Petrify                  Tmut/Erth      12%        N/A       47%         4


Dungeon Overview and Level Annotations

Branches:
Dungeon (4/15)
 Temple: D:4-7

Altars:
Qazlal
The Shining One


Innate Abilities, Weirdness & Mutations

You are immune to sickness and miasma.
Your stone body is resilient. (AC +4)
You are immune to poison.
You resist negative energy. (rN+)
You are resistant to electric shocks. (rElec)
You are resistant to unholy torment.
You are immune to petrification.


Message History

Moving in this stuff is going to be slow.
You enter the shallow water.
Moving in this stuff is going to be slow.
You enter the shallow water.
Moving in this stuff is going to be slow.
Done exploring.
Done exploring.
You enter the shallow water.
Moving in this stuff is going to be slow.
There is a stone staircase leading down here.
You climb downwards.
Found 13 gold pieces.
Found a stone staircase leading up.
There is a stone staircase leading up here.
You barely miss the wight.
The wight hits you with a +5 short sword of freezing.
The wight freezes you.
You closely miss the wight. The wight hits you but does no damage.
You sock the wight!
The wight is heavily damaged.
The wight hits you with a +5 short sword of freezing.
The wight freezes you.
You hit the wight.
The wight is severely damaged.
The ball python hisses angrily.
A giant cockroach comes into view.
The wight hits you with a +5 short sword of freezing.
The wight freezes you.
The wight hits you with a +5 short sword of freezing.
* * * LOW HITPOINT WARNING * * *
The wight freezes you.
* * * LOW HITPOINT WARNING * * *
Casting: Sandblast (safe; 2% risk of failure)
Confirm with . or Enter, or press ? or * to list all spells.
Aiming: Sandblast (safe; 2% risk of failure)
Press: ? - help, Shift-Dir - straight line, f - wight
Aim: a wight, wielding a +5 short sword of freezing and wearing a +0 robe (severely damaged, 79% to hit)
The blast of sand hits the wight but does no damage.
The wight is severely damaged.
The wight hits you with a +5 short sword of freezing.
You die...

......# ......#
#### .......
#..< .......
.###...#.......
............#
............###
..$....@....B..
.#....z.S......
+............#
#.............
#.......#.....
#....#####....
...... ....
...... ##.


You could see a wight, a giant cockroach and a ball python.

Vanquished Creatures
  3 gnolls
  2 adders (D:2)
  3 worms
  3 dart slugs
  3 orcs (D:3)
  6 endoplasms
  3 giant cockroaches
  7 goblins
  2 hobgoblins
  9 jackals
  2 quokkas
  5 ball pythons
  3 bats
  4 frilled lizards
  3 kobolds
  4 rats (D:1)
62 creatures vanquished.

Notes
Turn   | Place    | Note
-------+----------+-------------------------------------------
     0 | D:1      | Cancer the Gargoyle Earth Elementalist began the quest for
                  | the Orb.
     0 | D:1      | Reached XP level 1. HP: 10/10 MP: 3/3
   491 | D:1      | Reached XP level 2. HP: 15/15 MP: 5/5
   640 | D:1      | Reached skill level 1 in Conjurations
   767 | D:1      | Reached skill level 4 in Earth Magic
  1385 | D:1      | Reached XP level 3. HP: 16/19 MP: 6/6
  2277 | D:2      | Reached XP level 4. HP: 5/24 MP: 8/8
  2976 | D:2      | Learned a level 3 spell: Stone Arrow
  2979 | D:2      | Learned a level 2 spell: Passwall
  3577 | D:3      | Reached XP level 5. HP: 14/28 MP: 9/9
  3755 | D:3      | Found a stormy altar of Qazlal.
  4364 | D:3      | Found a glowing golden altar of the Shining One.
  4610 | D:4      | Slain by a wight

Illustrated notes

Levels and vault maps discovered:
D:1:      eino_arrival_cavern_a, layout_basic
D:2:      layout_basic, minmay_statues_item, minivault_14,
          chequers_serial_rivers_micro_e, minmay_joined_circles
D:3:      layout_rooms, nicolae_qazlal_general_emergency, tso_altar,
          serial_bayou, serial_bayou_shore_b, serial_bayou_shore_a,
          serial_bayou_shore_b, serial_bayou_ford_a, roderic_lattice_a
D:4:      layout_basic, fedhas_ov_isle_minmay, mainiacjoe_overflow_alcove_4

Skill      XL: |  1  2  3  4 |
---------------+-------------+-----
Conjurations   | 1 2 |  2.7
Earth Magic    | 4 |  4.9
Spellcasting   | 3 |  3.1
Dodging        | |  1.5
Stealth        | |  2.1
Transmutations | |  0.7

Action                   |  1- 3 |  4- 6 || total
-------------------------+-------+-------++-------
Melee: Dagger            |    66 |       ||    66
       Unarmed           |     1 |       ||     1
       Punch             |     1 |       ||     1
       Short sword       |    82 |       ||    82
       Quarterstaff      |     7 |   102 ||   109
 Cast: Sandblast         |     6 |    11 ||    17
 Stab: Sleeping          |     5 |     7 ||    12
Armor: Robe              |    50 |    55 ||   105
Dodge: Dodged            |    83 |    54 ||   137

Table legend: (Time is in decaauts)
 A = Elapsed time spent in this place.
 B = Non-inter-level travel time spent in this place.
 C = Inter-level travel time spent in this place.
 D = Time resting spent in this place.
 E = Time spent auto-exploring this place.
 F = Levels seen in this place.
 G = Mean time per level.
                   A        B        C        D        E       F      G
               +--------+--------+--------+--------+--------+-----+--------+
         Total |   4680 |   4617 |     63 |    597 |   3161 |   4 | 1170.0 |
       Dungeon |   4680 |   4617 |     63 |    597 |   3161 |   4 | 1170.0 |
               +--------+--------+--------+--------+--------+-----+--------+

Top non-repeatable levels by time:
     D:2: 1666 daAuts
     D:1: 1604 daAuts
     D:3: 1398 daAuts
     D:4: 10 daAuts
